 Dungeon Crawl Stone Soup version 0.19-a0-1568-gdd01aac (webtiles) character file.

4447 Amnesiac the Geomancer (level 10, 0/63 HPs)
             Began as a Mummy Earth Elementalist on Sept 15, 2016.
             Was a High Priest of Sif Muna.
             Slain by a death knight
             ... wielding a +1 halberd
              (2 damage)
             ... on level 9 of the Dungeon.
             The game lasted 00:21:04 (11711 turns).

Amnesiac the Geomancer (Mummy Earth Elementalist)  Turns: 11711, Time: 00:21:04

Health: 0/63       AC:  4    Str: 14    XL:     10   Next: 15%
Magic:  3/19       EV: 12    Int: 19    God:    Sif Muna [*****.]
Gold:   511        SH:  0    Dex: 17    Spells: 4 memorised, 10 levels left

rFire  x x .     SeeInvis .     x - +4 dagger (elec)
rCold  + . .     Gourm    .     c - +0 robe
rNeg   + + +     Faith    .     (no shield)
rPois  ∞         Spirit   .     o - +0 helmet
rElec  .         Dismiss  .     (no cloak)
rCorr  .         Reflect  .     (no gloves)
MR     ++++.     Harm     .     w - +0 pair of boots
Stlth  ++........               (no amulet)
                                s - ring of Mistrust {*Confuse +Inv rF- MR+++ Str+3}
                                a - +5 ring of dexterity

@: divine energy
A: no food or potions, fire vulnerability, cold resistance 1, negative energy
resistance 3, torment resistance, unbreathing
a: Stop Divine Energy, Channel Magic, Forget Spell, Renounce Religion, Evoke
Invisibility


You were on level 9 of the Dungeon.
You worshipped Sif Muna.
Sif Muna was extremely pleased with you.
You were not hungry.

You visited 2 branches of the dungeon, and saw 10 of its levels.

You collected 511 gold pieces.

Inventory:

Hand Weapons
 p - a +1 trident of piercing
 x - a +4 dagger of electrocution (weapon)
Missiles
 u - 63 stones (quivered)
Armour
 c - a +0 robe (worn)
 o - a +0 helmet (worn)
 w - a +0 pair of boots (worn)
Jewellery
 a - a +5 ring of dexterity (left hand)
 s - the ring of Mistrust (right hand) {*Confuse +Inv rF- MR+++ Str+3}
   (You found it on level 6 of the Dungeon)

   [ring of strength]

   It affects your strength (+3).
   It makes you vulnerable to fire.
   It affects your resistance to hostile enchantments.
   It lets you turn invisible.
   It may confuse you when you take damage.
 z - a cursed amulet of inaccuracy {unknown}
Wands
 b - a wand of enslavement (10/24)
 i - a wand of paralysis (10/24)
 j - a wand of iceblast (5/15)
 q - a wand of lightning (3/15)
 y - a wand of confusion (6/48)
Scrolls
 e - 4 scrolls of remove curse
 f - 2 scrolls of magic mapping
 h - 7 scrolls of identify
 k - a scroll of amnesia {unknown}
 l - 2 scrolls of blinking {unknown}
 m - 3 scrolls of noise
 n - 2 scrolls of recharging
 r - a scroll of teleportation {unknown}
 t - a scroll of fog
Books
 d - a book of Geomancy

   Spells                             Type                      Level
   a - Sandblast                      Earth                        1
   b - Passwall                       Transmutation/Earth          2
   c - Stone Arrow                    Conjuration/Earth            3
   d - Petrify                        Transmutation/Earth          4
   e - Lee's Rapid Deconstruction     Earth                        5


   Skills:
 - Level 1.5 Dodging
 - Level 1.5 Stealth
 + Level 6.5 Spellcasting
 - Level 0.7 Transmutations
 * Level 11.2 Earth Magic


You had 10 spell levels left.
You knew the following spells:

 Your Spells              Type           Power        Failure   Level  Hunger
e - Petrify               Tmut/Erth      ####....     12%         4    N/A
f - Lee's Rapid Deconstr  Erth           #####.....   3%          5    N/A
v - Passwall              Tmut/Erth      ####......   1%          2    N/A
z - Sandblast             Erth           #####.       1%          1    N/A

Dungeon Overview and Level Annotations

Branches:
Dungeon (9/15)             Temple (1/1) D:4            Lair (0/6) D:8
    Orc (0/2) D:9

Altars:
Ashenzari
Cheibriados
Dithmenos
Elyvilon
Fedhas
Gozag
Hepliaklqana
Kikubaaqudgha
Makhleb
Nemelex Xobeh
Okawaru
Qazlal
Ru
Sif Muna
Trog
Uskayaw
Vehumet
Xom
Yredelemnul
Zin
The Shining One


Innate Abilities, Weirdness & Mutations

You do not eat or drink.
Your flesh is vulnerable to fire.
You are immune to poison.
Your flesh is cold resistant. (rC+)
You are immune to negative energy. (rN+++)
You are immune to unholy pain and torment.
You can survive without breathing.


Message History

You can't drink.
Evoke which item? (* to show all) (? for menu, Esc to quit)
Okay, then.
Unknown command.
As you read the scroll labeled LIOGUL FUY, it crumbles to dust.
The scroll dissolves into smoke.
It was a scroll of fog.
The death knight hits you from afar with an enchanted halberd!
* * * LOW HITPOINT WARNING * * *
Unknown command.
Okay, then.
As you read the scroll labeled TOFOPR OBOQU, it crumbles to dust.
Your +4 dagger of electrocution glows brilliant white for a moment.
It was a scroll of random uselessness.
The death knight hits you from afar with an enchanted halberd!
* * * LOW HITPOINT WARNING * * *
As you read the scroll labeled TEEPTIV JOSM, it crumbles to dust.
The creatures around you are filled with an inner flame!
It was a scroll of immolation.
The death knight hits you from afar with an enchanted halberd.
You die...

*** *..
###############################..
.................................
...........#......§§..##.........
###.)###...#..§§§§§§..##.........
..).)÷.....#..§§@§p...##.........
..#.[.........§§#§#...##.........
######..........###...##:..p)o...
...# #........####...o.o..#####'[
...#####.....####...#######,,,,,,
...#.####...####....#,,,,,*,,,,,,
...#..##.#.#.##.....#,,,,,*,,,,,,
...'...##8.8##'.....#,,,,,*,,,,,,
...#....##'####.....#,,,,********


You could see a death knight (inner flame).

Vanquished Creatures
  Pikel (D:6)
  The ghost of st0uf the Changer, an amateur NaTm (D:4)
  2 hippogriffs (D:8)
  A water moccasin (D:7)
  A sky beast (D:5)
  4 slaves (D:5)
  4 orc warriors
  2 ice beasts
  2 black bears
  4 ogres
  3 phantoms
  A centaur (D:6)
  A big kobold (D:7)
  3 bullfrogs
  2 scorpions
  A howler monkey (D:9)
  4 crimson imps
  5 hounds
  2 jellies
  14 orc wizards
  7 orc priests
  6 iguanas
  A killer bee zombie (D:8)
  4 worker ants
  A worker ant zombie (D:8)
  5 adders
  3 shadow imps
  4 oozes
  2 adder skeletons
  An adder zombie (D:8)
  3 worms
  7 leopard geckos
  56 orcs
  8 giant cockroaches
  8 goblins
  5 hobgoblins
  16 jackals
  A quokka (D:5)
  4 bats
  4 frilled lizards
  A giant cockroach zombie (D:5)
  16 kobolds
  2 quokka skeletons
  7 rats
230 creatures vanquished.

Notes
Turn   | Place    | Note
-------+----------+-------------------------------------------
     0 | D:1      | Amnesiac the Mummy Earth Elementalist began the quest for the Orb.
     0 | D:1      | Reached XP level 1. HP: 13/13 MP: 3/3
   232 | D:2      | Reached skill level 3 in Earth Magic
   232 | D:2      | Reached XP level 2. HP: 19/19 MP: 1/5
   506 | D:2      | Found a stormy altar of Qazlal.
   582 | D:3      | Reached XP level 3. HP: 24/24 MP: 2/6
   847 | D:4      | Found a staircase to the Ecumenical Temple.
   861 | Temple   | Entered the Ecumenical Temple
   913 | Temple   | Became a worshipper of Sif Muna the Loreminder
  1050 | D:1      | Learned a level 2 spell: Passwall
  1253 | D:1      | Reached skill level 4 in Earth Magic
  1517 | D:1      | Reached XP level 4. HP: 30/30 MP: 3/7
  2571 | D:4      | Reached * piety under Sif Muna
  2571 | D:4      | Reached XP level 5. HP: 32/35 MP: 3/8
  3263 | D:5      | Entered Level 5 of the Dungeon
  3282 | D:5      | Reached skill level 5 in Earth Magic
  3411 | D:5      | Noticed a slave
  3412 | D:5      | Noticed Pikel
  3412 | D:5      | Noticed a slave
  3412 | D:5      | Noticed a slave
  3413 | D:5      | Noticed a slave
  3462 | D:4      | Noticed st0uf's ghost (amateur NaTm)
  3515 | D:4      | Killed st0uf's ghost
  3515 | D:4      | Reached XP level 6. HP: 35/41 MP: 0/11
  3571 | D:4      | Reached XP level 7. HP: 40/46 MP: 0/12
  3641 | D:4      | Reached skill level 6 in Earth Magic
  3948 | D:5      | Reached ** piety under Sif Muna
  4807 | D:5      | Reached skill level 7 in Earth Magic
  4818 | D:5      | Reached XP level 8. HP: 52/52 MP: 2/15
  5036 | D:5      | Reached skill level 5 in Spellcasting
  5472 | D:5      | Learned a level 5 spell: Lee's Rapid Deconstruction
  5477 | D:5      | Learned a level 4 spell: Petrify
  5668 | D:6      | Found a hazy altar of Hepliaklqana.
  5894 | D:6      | Found a glowing silver altar of Zin.
  6150 | D:6      | Reached skill level 8 in Earth Magic
  6344 | D:6      | Found a shattered altar of Ashenzari.
  6529 | D:6      | Paralysed by Pikel for 5 turns
  6540 | D:6      | Paralysed by Pikel for 3 turns
  6550 | D:6      | Killed Pikel
  6550 | D:6      | Reached *** piety under Sif Muna
  6550 | D:6      | Reached skill level 9 in Earth Magic
  6654 | D:6      | Reached XP level 9. HP: 57/57 MP: 4/16
  6964 | D:6      | Got a vibrating pewter ring
  6966 | D:6      | Identified the ring of Mistrust {*Confuse +Inv rF- MR+++ Str+3} (You found it on level 6 of the Dungeon)
  6996 | D:6      | Found an opulent altar of Gozag.
  7679 | D:7      | Reached **** piety under Sif Muna
  7679 | D:7      | Reached skill level 10 in Earth Magic
  7936 | D:7      | Found a bloodstained altar of Trog.
  9889 | D:8      | Found a staircase to the Lair.
 10363 | D:8      | Reached ***** piety under Sif Muna
 10363 | D:8      | Reached skill level 11 in Earth Magic
 10554 | D:8      | Reached XP level 10. HP: 63/63 MP: 13/19
 10919 | D:9      | Found an ancient bone altar of Kikubaaqudgha.
 10951 | D:9      | Found a blossoming altar of Fedhas.
 11171 | D:9      | Noticed a death knight
 11636 | D:9      | Found a staircase to the Orcish Mines.
 11696 | D:9      | Received a gift from Sif Muna
 11710 | D:9      | HP: 2/63 [death knight/enchanted halberd (10)]
 11711 | D:9      | Slain by a death knight

Vault maps used:
D:1:      scummos_arrival_checkerplants
D:2:      nicolae_qazlal_general_emergency, first_bread, minmay_goblin_outpost
D:5:      uniq_pikel
D:6:      overflow_temple_1_default, marbit_many_paths, grunt_gozag_statues,
          evilmike_ruin_ashenzari
D:7:      lemuel_round_altar, uniq_crazy_yiuf_cottage
D:8:      lair_0_dummy, minmay_stone_trees_small
D:9:      fedhas_altar_2, nicolae_overflow_hidden_temple, hiddenorc1_lemuel,
          eino_curves_03, minivault_16
Temple:   cyrus_circular_temple

Skill      XL: |  1  2  3  4  5  6  7  8  9 |
---------------+----------------------------+-----
Earth Magic    | 3 4 5 7 9 11 | 11.2
Spellcasting   | 3 4 5 6 |  6.5
Dodging        | |  1.5
Stealth        | |  1.5
Transmutations | |  0.7

Action                   |  1- 3 |  4- 6 |  7- 9 | 10-12 || total
-------------------------+-------+-------+-------+-------++-------
Melee: Dagger            |     4 |       |    29 |    23 ||    56
 Cast: Sandblast         |    66 |    98 |   158 |     5 ||   327
       Lee's Rapid Decon |       |       |    87 |    20 ||   107
       Passwall          |       |       |     5 |     4 ||     9
       Petrify           |       |       |     5 |     8 ||    13
Invok: Divine Energy     |       |     1 |       |       ||     1
  Use: Scroll            |       |       |     2 |     5 ||     7
 Stab: Distracted        |       |       |       |     1 ||     1
       Petrified         |       |       |       |     1 ||     1
Armor: Robe              |    11 |     8 |    18 |     3 ||    40
Dodge: Dodged            |    34 |    31 |    83 |    23 ||   171
